Cogmind - Beta 11 X6 @@@ ROGUE MODE // 2021.07.18 @ 11:22:59 Player: Stryker Result: Self-destructed Performance ------------- Evolutions (5) 2500 Regions Visited (16) 3200 Robots Destroyed (171) 855 Value Destroyed (6589) 6589 Prototype IDs (26) 520 Alien Tech Used (0) 0 Bonus (3852) 3852 TOTAL SCORE: 17516 Bonus ------- Triggered High Security 500 High Alert Combat Kills 1740 Follower Combat Kills 1895 Met Imprinter 300 Built Enhanced Grunts 300 A7 Reached Mainframe 300 Met R17 at Cetus 500 Friendly Fire -1683 Cogmind --------- Core Integrity 744/1000 Matter 153/500 Energy 325/325 System Corruption 13% Temperature Cool (0) Movement Immobile (Siege) Ox1 Location -5/Factory Parts ------- > --- POWER (1) -------- Antimatter Reactor > --- PROPULSION (5) --- Centrium Heavy Treads > --- UTILITY (8) ------ Advanced Cooling System Huge Storage Unit High-capacity Matter Pod Advanced Signal Interpreter Centrium Medium Armor Plating Experimental Thermal Shield > --- WEAPON (3) ------- Coil Gun > --- INVENTORY (25) --- Micro Fission Core Quantum Reactor Heavy Treads Centrium Heavy Treads Centrium Heavy Treads Advanced Energy Well (500) Structural Scanner Improved Sensor Array Improved Weapon Cycler Makeshift Transmission Jammer Centrium Medium Armor Plating Improved Focal Shield Advanced Hacking Suite Improved System Backup Module Phase Cannon Missile Launcher Phasing Sabre Peak State ------------ > --- POWER ------------ Light Antimatter Reactor > --- PROPULSION ------- Armored Medium Treads Centrium Heavy Treads Centrium Heavy Treads > --- UTILITY ---------- Huge Storage Unit Advanced Signal Interpreter 0b10 Decoder Chip [Scout] Makeshift Transmission Jammer Centrium Medium Armor Plating Centrium Medium Armor Plating Centrium Medium Armor Plating Medium Regenerative Plating > --- WEAPON ----------- Coil Gun Coil Gun Hypervelocity Coil Gun > --- INVENTORY -------- Micro Fission Core Quantum Reactor Centrium Heavy Treads Centrium Heavy Treads Advanced Cooling System Advanced Energy Well High-capacity Matter Pod Structural Scanner Improved Sensor Array Improved Weapon Cycler Centrium Medium Armor Plating Centrium Medium Armor Plating Improved Focal Shield Experimental Thermal Shield Advanced Hacking Suite Improved System Backup Module Phase Cannon Coil Gun Missile Launcher Phasing Sabre [Rating: 127] Favorites ----------- Power Light Nuclear Core Engine Heavy Ion Engine Power Core Light Nuclear Core Reactor Compact Particle Reactor Propulsion Wheel Treads Armored Treads Leg Aluminum Leg Wheel Wheel Utility Huge Storage Unit Device Active Sensor Suite Storage Huge Storage Unit Processor 0b10 Decoder Chip [Scout] Protection Hardened Heavy Armor Plating Weapon Enhanced Autogun Energy Gun Advanced Beam Rifle Energy Cannon Advanced Beam Cannon Ballistic Gun Enhanced Autogun Ballistic Cannon Improved Light Cannon Launcher Grenade Launcher Impact Weapon Heavy Flail Slashing Weapon Phasing Sabre Build | -11 -10 -10 -10 -9 -8 -7 -7 -7 -7 -6 -6 -6 -6 -6 -6 -5 ------- Run | Scr Mat Min Exi Min Mat Fac Low Low Zio Pro Fac Ext Cet Arc Hub Fac Slots Evolved 10 | . . . . . 4 2 . . . . 2 . . . . 2 Power . | . . . . . . . . . . . . . . . . . Propulsion 3 | . . . . . 2 . . . . . 1 . . . . . Utility 6 | . . . . . 2 2 . . . . 1 . . . . 1 Weapon 1 | . . . . . . . . . . . . . . . . 1 Parts Attached 243 | 1 30 6 . 3 60 26 . 6 1 5 2 16 15 2 1 69 Power 12 | . 2 . . . 2 1 . . . . . 2 2 . . 3 Engine 6 | . 2 . . . 2 . . . . . . 2 . . . . Core 3 | . . . . . . 1 . . . . . . 1 . . 1 Reactor 3 | . . . . . . . . . . . . . 1 . . 2 Propulsion 60 | . 6 4 . 1 23 8 . 3 . . 1 2 5 . 1 6 Treads 35 | . 3 3 . . 14 4 . 1 . . . . 4 . 1 5 Leg 1 | . . . . . . . . . . . . . . . . 1 Wheel 24 | . 3 1 . 1 9 4 . 2 . . 1 2 1 . . . Hover . | . . . . . . . . . . . . . . . . . Flight . | . . . . . . . . . . . . . . . . . Utility 108 | 1 10 1 . . 23 10 . 2 1 2 1 5 5 1 . 46 Device 59 | 1 3 . . . 14 8 . 2 . . . 4 . . . 27 Storage 7 | . 3 . . . 1 . . . . . . . . . . 3 Processor 7 | . . . . . 2 . . . . 1 1 . . 1 . 2 Hackware . | . . . . . . . . . . . . . . . . . Protection 35 | . 4 1 . . 6 2 . . 1 1 . 1 5 . . 14 Artifact . | . . . . . . . . . . . . . . . . . Weapon 63 | . 12 1 . 2 12 7 . 1 . 3 . 7 3 1 . 14 Energy Gun 1 | . . . . . 1 . . . . . . . . . . . Energy Cannon 1 | . . . . . 1 . . . . . . . . . . . Ballistic Gun 31 | . 3 1 . . 4 4 . 1 . 1 . 5 2 1 . 9 Ballistic Cannon 8 | . 4 . . 1 2 . . . . . . 1 . . . . Launcher 4 | . 2 . . 1 . 1 . . . . . . . . . . Special Weapon . | . . . . . . . . . . . . . . . . . Impact Weapon 9 | . 3 . . . 4 2 . . . . . . . . . . Slashing Weapon 9 | . . . . . . . . . . 2 . 1 1 . . 5 Piercing Weapon . | . . . . . . . . . . . . . . . . . Special Melee Weapon . | . . . . . . . . . . . . . . . . . Unidentified Prototypes 10 | . 1 . . . 2 . . . . . . . 4 . . 3 Corrupted Parts 1 | . . . . . . . . . . . . . . . 1 . System Corruption 3 | . . . . . . . . . . . . . . . 3 . Parts Lost 30 | . 1 1 . . 6 5 . . . . . 4 3 . . 10 Power 5 | . 1 . . . 1 1 . . . . . . 1 . . 1 Propulsion 10 | . . 1 . . 2 2 . . . . . 1 2 . . 2 Utility 9 | . . . . . 2 1 . . . . . 2 . . . 4 Weapon 6 | . . . . . 1 1 . . . . . 1 . . . 3 Highest Loss Streak 5 | . 1 1 . . 4 3 . . . . . 2 2 . . 5 Average Slot Usage (%) 87 | . 99 100 100 100 99 82 84 82 83 75 80 80 86 80 80 82 Engine 5 | . 14 14 14 14 9 5 . . . . . 5 3 . . . Core 2 | . . . . . . 1 7 7 7 7 6 . 1 . . 3 Treads 14 | . 11 17 14 14 19 16 15 16 15 15 13 13 11 6 6 12 Wheel 13 | . 12 10 14 14 16 12 15 12 15 15 20 20 13 13 13 2 Device 11 | . 10 10 . . 11 20 23 23 21 7 6 6 13 5 . 9 Storage 8 | . 14 14 14 14 9 7 7 7 7 7 6 6 6 6 6 5 Processor 5 | . . . . . 9 . . . . . 6 6 6 6 13 15 Protection 5 | . 3 3 14 14 5 2 . . . 6 6 5 13 20 20 8 Energy Gun 1 | . 4 . . . 4 . . . . . . . . . . . Ballistic Gun 11 | . 13 14 14 14 5 3 7 13 15 11 6 11 12 13 13 15 Ballistic Cannon 2 | . 4 14 14 12 3 . . . . . . . . . . . Impact Weapon 1 | . 5 . . . 1 4 7 1 . . . . . . . . Naked Turns . | . . . . . . . . . . . . . . . . . Heaviest Build 138 | 12 54 55 55 55 98 103 98 98 115 116 116 128 136 136 135 138 Greatest Support 187 | 20 20 40 10 10 80 80 20 60 20 20 30 32 40 40 40 187 Greatest Overweight (x) 5 | . 5 5 5 5 5 5 4 4 5 5 3 3 5 3 3 4 Average Overweight (x) 3 | . 2 4 5 5 3 4 4 3 4 4 3 3 3 3 3 1 Largest Inventory Capacity 25 | 8 20 20 20 20 25 25 25 25 25 25 25 25 25 25 25 25 Average Capacity 23 | 8 14 20 20 20 24 25 25 25 25 25 25 25 25 25 25 25 Most Carried 25 | 7 16 20 20 20 25 25 25 25 25 25 24 25 25 25 25 25 Average Carried 22 | 6 11 17 20 20 23 23 25 24 24 24 23 24 24 24 24 24 Final Capacity 25 | 8 20 20 20 20 25 25 25 25 25 25 25 25 25 25 25 25 Final Carried 25 | 7 16 20 20 20 25 25 25 24 24 25 24 25 25 25 25 20 Class Distribution -------------------- 19% | Mutant 19% | Scavenger-Mutant 18% | Scavenger-Skirmisher 10% | Skirmisher 8% | Scavenger-Assassin 7% | Assassin 7% | Scavenger-Tank Dominant Class ---------------- Mutant | -10/Materials Mutant | -10/Mines Mutant | -10/Exiles Mutant | -9/Mines Scavenger-Mutant | -8/Materials Scavenger-Assassin | -7/Factory Scavenger-Assassin | -7/Lower Caves Scavenger-Skirmisher | -7/Lower Caves Scavenger-Skirmisher | -7/Zion Skirmisher | -6/Proximity Caves Assassin | -6/Factory Skirmisher | -6/Extension Scavenger-Mutant | -6/Cetus Scavenger-Mutant | -6/Archives Scavenger-Mutant | -6/Hub_04(d) Scavenger-Tank | -5/Factory Resources | -11 -10 -10 -10 -9 -8 -7 -7 -7 -7 -6 -6 -6 -6 -6 -6 -5 ----------- Run | Scr Mat Min Exi Min Mat Fac Low Low Zio Pro Fac Ext Cet Arc Hub Fac Matter Collected 5670 | 218 626 207 30 108 1010 296 86 178 45 104 20 593 269 77 17 1786 Remotely 493 | . . . . . . . . . . . . 43 269 77 . 104 Salvage Created 7977 | 92 675 233 . 61 1486 625 70 180 . 47 . 744 151 61 . 3552 Parts 407 | 3 44 13 . 12 65 41 . 6 . 3 . 36 9 3 . 172 Haulers Intercepted 6 | . 2 . . . 4 . . . . . . . . . . . Recyclers Shooed 7 | . 1 1 . . 2 1 . . . . . . . . . 2 Parts Field Recycled . | . . . . . . . . . . . . . . . . . Retrieved Matter . | . . . . . . . . . . . . . . . . . Parts Self-Destructed 17 | . . . . . . . 5 5 . 7 . . . . . . Prevented 1 | . . . . . . . . . . 1 . . . . . . Kills | -11 -10 -10 -10 -9 -8 -7 -7 -7 -7 -6 -6 -6 -6 -6 -6 -5 ------- Run | Scr Mat Min Exi Min Mat Fac Low Low Zio Pro Fac Ext Cet Arc Hub Fac Combat Hostiles Destroyed 116 | . 10 2 . 7 22 12 . 3 . 1 . 11 1 1 . 46 Guns 85 | . 3 1 . 1 14 6 . 3 . 1 . 8 1 1 . 46 Cannons 19 | . 3 1 . 1 8 3 . . . . . 3 . . . . AOE 12 | . 4 . . 5 . 3 . . . . . . . . . . Classes Destroyed 19 | 2 4 1 . 1 5 2 1 1 . . . . . . . 2 Worker 4 | . . . . . . 2 . . . . . . . . . 2 Builder 17 | . 4 1 . 1 5 3 . . . . . . . . . 3 Tunneler 4 | 1 . 1 . . 1 . . . . . . . . . . 1 Hauler 6 | . 2 . . . 4 . . . . . . . . . . . Recycler 9 | 1 2 1 . . 2 1 . . . . . 1 . . . 1 Mechanic 2 | . . . . . 1 . . . . . . . . . . 1 Operator 1 | . . . . . 1 . . . . . . . . . . . Watcher 11 | . 3 . . . 4 . . . . . . 1 . . . 3 Swarmer 13 | . . . . 6 . 3 . . . . . 2 . . . 2 Saboteur 1 | . . . . . . . . . . . . . . . . 1 Grunt 58 | . 10 . . 1 15 5 . 2 . . . 5 . . . 20 Brawler 6 | . . . . . 1 . . . . . . . . . . 5 Duelist 4 | . . . . . . . . 1 . . . . . . . 3 Protector 2 | . . . . . . . . . . . . . . . . 2 Sentry 12 | . . 2 . . 3 . . . . . . 3 . 1 . 3 Hunter 6 | . . . . . 2 1 . . . . . . . . . 3 Programmer 9 | . . . . . . 3 . . . 1 . . . . . 5 Heavy 4 | . . . . . 1 . . . . . . 1 . . . 2 Cetus Guard 1 | . . . . . . . . . . . . . 1 . . . Decomposer 2 | . . . . . . . 2 . . . . . . . . . Samaritan 2 | . . . . . . . 1 1 . . . . . . . . Best Kill Streak 11 | 1 6 2 . 6 7 6 . 3 . 1 . 2 1 1 . 11 Combat Bots Only 11 | . 5 2 . 6 6 5 . 3 . 1 . 2 1 1 . 11 Max Kills in Single Turn 2 | 1 2 1 . 2 2 2 1 1 . 1 . 1 1 1 . 2 Gunslinging 1 | . . . . . . . . . . . . . . . . 1 Exploded 2 | . 2 . . 2 . 2 . . . . . . . . . . Melee . | . . . . . . . . . . . . . . . . . Uniques/NPCs Destroyed 1 | . . . . . . . . . . . . . 1 . . . A7 (-6/Cetus) Combat | -11 -10 -10 -10 -9 -8 -7 -7 -7 -7 -6 -6 -6 -6 -6 -6 -5 -------- Run | Scr Mat Min Exi Min Mat Fac Low Low Zio Pro Fac Ext Cet Arc Hub Fac Damage Taken 10129 | . 325 161 . 85 1518 1131 . 143 . 138 . 1004 486 214 . 4924 Core 874 | . 73 36 . 8 168 120 . 73 . 46 . 94 . . . 256 Absorbed by Shields 190 | . . . . . . . . . . . . 65 125 . . . Reduced by Siege Mode 306 | . . . . . . . . . . . . . . . . 306 Core Remaining (%) 75 | 100 . . . 53 69 . . . . 65 . . . . 88 . Volleys Fired 485 | 8 58 12 . 10 119 39 . 13 . 9 . 63 17 10 1 126 Largest 3 | 2 2 2 . 2 2 2 . 2 . 2 . 2 2 2 2 3 Hottest 100 | 70 70 59 . 59 100 93 . 50 . 50 . 87 55 58 58 95 Shots Fired 1056 | 16 107 24 . 15 238 75 . 26 . 18 . 124 34 19 2 358 Gun 878 | 16 85 12 . 6 147 41 . 26 . 18 . 114 34 19 2 358 Cannon 167 | . 18 12 . 5 91 31 . . . . . 10 . . . . Launcher 11 | . 4 . . 4 . 3 . . . . . . . . . . Special . | . . . . . . . . . . . . . . . . . Kinetic 863 | 8 72 24 . 11 126 41 . 26 . 18 . 124 34 19 2 358 Thermal 182 | 8 31 . . . 112 31 . . . . . . . . . . Explosive 8 | . 4 . . 4 . . . . . . . . . . . . Electromagnetic 3 | . . . . . . 3 . . . . . . . . . . Robot Hit Streak 31 | 8 8 8 . 12 20 14 . 11 . 8 . 20 13 7 . 31 Robot Miss Streak 6 | 2 5 2 . 1 3 5 . 1 . 3 . 6 2 4 2 4 Penetration Max 2 | . . . . . . . . . . . . 1 1 . . 2 Secondary Targets 12 | . 1 . . . . . . . . . . 1 . 1 . 9 Max Gunslinging Chain 1 | . 1 . . . . . . . . . . 1 . 1 . 1 Shots Hit Robots 766 | 13 69 17 . 10 173 46 3 19 . 13 . 86 29 13 . 275 Core Hits 350 | 4 35 10 . 9 70 27 . 10 . 2 . 32 7 2 . 142 Critical Kills 19 | . . . . . . . . . . . . 1 1 . . 17 Critical Parts Destroyed 17 | . . . . . . . . . . 1 . 3 1 . . 12 Critical Strikes 51 | 2 . . . . 11 . . . . 1 . 4 4 . . 29 Burn 8 | 2 . . . . 6 . . . . . . . . . . . Destroy 37 | . . . . . . . . . . 1 . 4 3 . . 29 Blast 5 | . . . . . 5 . . . . . . . . . . . Sever 1 | . . . . . . . . . . . . . 1 . . . Melee Attacks 62 | . 18 . . . 10 5 3 . . 8 3 1 3 . . 11 Impact 36 | . 18 . . . 10 5 3 . . . . . . . . . Slashing 26 | . . . . . . . . . . 8 3 1 3 . . 11 Piercing . | . . . . . . . . . . . . . . . . . Sneak Attacks 12 | . 4 . . . 2 . 3 . . . . . 3 . . . Combat Hostiles . | . . . . . . . . . . . . . . . . . Follow-up Attacks . | . . . . . . . . . . . . . . . . . Damage Inflicted 17327 | 129 1299 226 . 519 3644 1589 281 333 . 236 . 1746 1023 297 . 6005 Guns 12354 | 129 498 87 . 22 1991 490 . 333 . 236 . 1644 670 297 . 5957 Cannons 2508 | . 218 139 . 101 1430 518 . . . . . 102 . . . . Explosions 1415 | . 309 . . 396 129 581 . . . . . . . . . . Melee 1002 | . 274 . . . 94 . 281 . . . . . 353 . . . Ramming 48 | . . . . . . . . . . . . . . . . 48 Kinetic 12366 | 54 504 226 . 123 1730 490 . 333 . 236 . 1746 670 297 . 5957 Thermal 2718 | 75 212 . . . 1691 740 . . . . . . . . . . Explosive 1005 | . 309 . . 396 129 171 . . . . . . . . . . Electromagnetic 188 | . . . . . . 188 . . . . . . . . . . Impact 649 | . 274 . . . 94 . 281 . . . . . . . . . Slashing 353 | . . . . . . . . . . . . . 353 . . . Piercing . | . . . . . . . . . . . . . . . . . Highest Corruption 13 | . . . . . . 6 6 6 6 . . . . . 3 13 Average Corruption 6 | . . . . . . 4 6 6 6 . . . . . 3 7 Corruption Purged . | . . . . . . . . . . . . . . . . . Effects 76 | . . . . . . 13 15 10 4 . . . . . . 34 Message Errors 19 | . . . . . . 6 5 1 1 . . . . . . 6 Matter Fused 20 | . . . . . . 2 6 . 3 . . . . . . 9 Heat Flow Errors 6 | . . . . . . 1 1 1 . . . . . . . 3 Energy Discharges 10 | . . . . . . 1 1 3 . . . . . . . 5 Parts Rejected 1 | . . . . . . . . 1 . . . . . . . . Data Loss (minor) 7 | . . . . . . . 2 1 . . . . . . . 4 Data Loss (major) 2 | . . . . . . 1 . 1 . . . . . . . . Misfires 3 | . . . . . . 1 . 1 . . . . . . . 1 Weapon Failures 8 | . . . . . . 1 . 1 . . . . . . . 6 Overload Shots . | . . . . . . . . . . . . . . . . . Overflow Damage 522 | . 41 8 . 11 29 115 263 . . . . . 42 . . 13 Projectiles 38 | . . 8 . 1 29 . . . . . . . . . . . Explosions 125 | . . . . 10 . 115 . . . . . . . . . . Melee 359 | . 41 . . . . . 263 . . . . . 42 . . 13 Knockbacks 22 | . 5 2 . 2 12 . . . . . . . . . . 1 Impact 3 | . 2 . . . . . . . . . . . . . . 1 Kinetic 18 | . 3 2 . 2 11 . . . . . . . . . . . Secondary 1 | . . . . . 1 . . . . . . . . . . . Self-Inflicted Damage 82 | . . . . . . 82 . . . . . . . . . . Shots 1 | . . . . . . 1 . . . . . . . . . . Rammed . | . . . . . . . . . . . . . . . . . Targets Rammed 1 | . . . . . . . . . . . . . . . . 1 Kicked . | . . . . . . . . . . . . . . . . . Crushed 1 | . . . . . . . . . . . . . . . . 1 Highest Temperature 328 | 90 136 58 . 6 180 216 75 81 . 92 . 90 155 97 36 328 Average Temperature 55 | 40 47 20 . 6 36 24 38 54 . 44 . 26 53 41 19 89 Received Heat Transfer 2768 | . 177 90 . 6 477 126 . 18 . 12 . 266 53 36 . 1507 Siege Activations 17 | . . . . . . . . . . . . . . . . 17 Total Turns 317 | . . . . . . . . . . . . . . . . 317 Longest Duration 83 | . . . . . . . . . . . . . . . . 83 Robots Corrupted . | . . . . . . . . . . . . . . . . . Combat Hostiles . | . . . . . . . . . . . . . . . . . Parts Fried 8 | . 3 . . . 4 . . . . . . . . . . 1 Impact Corruptions 18 | . 3 . . . 1 . 13 . . . . . . . . 1 Robots Melted . | . . . . . . . . . . . . . . . . . Combat Hostiles . | . . . . . . . . . . . . . . . . . Parts Melted 10 | 3 . . . . 3 4 . . . . . . . . . . Heat Transferred 5752 | 370 629 . . . 3552 1201 . . . . . . . . . . Parts Sabotaged 3 | . . . . . . . . . . . . . . . . 3 Parts Stolen . | . . . . . . . . . . . . . . . . . Parts Stripped . | . . . . . . . . . . . . . . . . . Power Chain Reactions 2 | . . . . . . 2 . . . . . . . . . . Missiles Intercepted . | . . . . . . . . . . . . . . . . . Alert | -11 -10 -10 -10 -9 -8 -7 -7 -7 -7 -6 -6 -6 -6 -6 -6 -5 ------- Run | Scr Mat Min Exi Min Mat Fac Low Low Zio Pro Fac Ext Cet Arc Hub Fac Peak Influence 2211 | 10 244 45 . 175 497 772 . . . . 27 429 396 407 240 2211 Initial 226 | . 6 17 . . 68 226 . . . . . 12 185 158 142 117 Average 325 | 5 83 11 . 93 239 409 . . . . 19 197 233 346 167 817 Maximum Alert Level 5 | . 1 . . . 2 3 . . . . . 2 1 2 1 5 Low Security (%) 47 | 100 95 100 . 100 46 3 . . . . 100 45 61 11 75 6 Level 1 27 | . 4 . . . 38 62 . . . . . 50 38 48 24 13 Level 2 14 | . . . . . 14 16 . . . . . 4 . 40 . 40 Level 3 4 | . . . . . . 17 . . . . . . . . . 15 Level 4 . | . . . . . . . . . . . . . . . . 1 Level 5 2 | . . . . . . . . . . . . . . . . 9 High Security 2 | . . . . . . . . . . . . . . . . 12 Max Security . | . . . . . . . . . . . . . . . . . Squads Dispatched 50 | . 4 . . 1 9 7 . . . . . 6 . . 2 21 Investigation 15 | . 4 . . . 1 5 . . . . . 5 . . . . Extermination 4 | . . . . . . 1 . . . . . . . . . 3 Reinforcement 14 | . . . . 1 4 1 . . . . . 1 . . 1 6 Assault 12 | . . . . . . . . . . . . . . . . 12 Garrison 5 | . . . . . 4 . . . . . . . . . 1 . Intercept . | . . . . . . . . . . . . . . . . . Construction Impeded 2 | . . . . 1 . 1 . . . . . . . . . . Haulers Reinforced 1 | . . . . . 1 . . . . . . . . . . . Active Scanning Responses 8 | . . . . . . 4 . . . . . 4 . . . . Cargo Convoy Interrupts 1 | . . . . . . . . . . . . . . . . 1 Stealth | -11 -10 -10 -10 -9 -8 -7 -7 -7 -7 -6 -6 -6 -6 -6 -6 -5 --------- Run | Scr Mat Min Exi Min Mat Fac Low Low Zio Pro Fac Ext Cet Arc Hub Fac Distress Signals 11 | . 2 . . . 4 1 . . . . . 1 2 . . 1 Communications Jammed 49 | . . . . . . . . . . . . . . . . 49 Distress Signals 40 | . . . . . . . . . . . . . . . . 40 Times Spotted 237 | . 17 2 . 7 49 15 . 4 . 4 . 33 11 8 . 87 Peak Tracking Total 14 | . 5 2 . 4 4 5 . 4 . 3 . 5 5 2 . 14 Tactical Retreats 13 | . . . . . 8 . . 1 . . . . . . . 4 Traps | -11 -10 -10 -10 -9 -8 -7 -7 -7 -7 -6 -6 -6 -6 -6 -6 -5 ------- Run | Scr Mat Min Exi Min Mat Fac Low Low Zio Pro Fac Ext Cet Arc Hub Fac Traps Triggered 4 | . 2 . . . . . . . . . . 1 . . 1 . Indirectly . | . . . . . . . . . . . . . . . . . Trap Hack Attempts . | . . . . . . . . . . . . . . . . . Triggered . | . . . . . . . . . . . . . . . . . Disarmed . | . . . . . . . . . . . . . . . . . Reprogrammed . | . . . . . . . . . . . . . . . . . Reused . | . . . . . . . . . . . . . . . . . Traps Extracted . | . . . . . . . . . . . . . . . . . Installed . | . . . . . . . . . . . . . . . . . Triggered 1 | . . . . . . . . . . . . . . . . 1 Machines | -11 -10 -10 -10 -9 -8 -7 -7 -7 -7 -6 -6 -6 -6 -6 -6 -5 ---------- Run | Scr Mat Min Exi Min Mat Fac Low Low Zio Pro Fac Ext Cet Arc Hub Fac Machines Disabled 35 | . 3 . . . 3 2 . . . . . 1 . 4 . 22 Max in Single Turn 2 | . 2 . . . 1 2 . . . . . 1 . 1 . 2 Garrison Access 2 | . . . . . . . . . . . . . . . . 2 Machines Sabotaged . | . . . . . . . . . . . . . . . . . Garrisons Compromised 1 | . . . . . . . . . . . . . . . . 1 Overloaded Fab Kills . | . . . . . . . . . . . . . . . . . Fab Network Shutdowns . | . . . . . . . . . . . . . . . . . Hacking | -11 -10 -10 -10 -9 -8 -7 -7 -7 -7 -6 -6 -6 -6 -6 -6 -5 --------- Run | Scr Mat Min Exi Min Mat Fac Low Low Zio Pro Fac Ext Cet Arc Hub Fac Machines Accessed 55 | . 10 . 1 . 12 5 . . . . 5 12 1 . 1 8 Terminals 39 | . 7 . . . 8 4 . . . . 4 11 1 . 1 3 Fabricators 2 | . . . . . . . . . . . . . . . . 2 Repair Stations 5 | . 1 . . . 2 . . . . . . 1 . . . 1 Recycling Units 5 | . 2 . . . 1 1 . . . . 1 . . . . . Scanalyzers 2 | . . . . . 1 . . . . . . . . . . 1 Garrison Access 1 | . . . . . . . . . . . . . . . . 1 Total Hacks 165 | . 30 . 1 . 52 15 . . . . 15 34 1 . 1 16 Successful 98 | . 19 . 1 . 30 8 . . . . 6 23 1 . . 10 Failed 66 | . 11 . . . 21 7 . . . . 9 11 . . 1 6 Catastrophic 13 | . 1 . . . 2 4 . . . . 1 2 . . 1 2 Database Lockouts 1 | . . . . . 1 . . . . . . . . . . . Manual 71 | . 15 . . . 23 4 . . . . 6 18 1 . 1 3 Terminals 118 | . 23 . . . 32 13 . . . . 11 32 1 . 1 5 Fabricators 6 | . . . . . . . . . . . . . . . . 6 Repair Stations 17 | . 4 . . . 10 . . . . . . 2 . . . 1 Recycling Units 12 | . 3 . . . 3 2 . . . . 4 . . . . . Scanalyzers 9 | . . . . . 7 . . . . . . . . . . 2 Garrison Access 2 | . . . . . . . . . . . . . . . . 2 Terminal Hacks 43 | . 8 . 1 . 9 5 . . . . 3 15 1 . . 1 Record 1 | . . . 1 . . . . . . . . . . . . . Part Schematic 1 | . . . . . . . . . . . . 1 . . . . Prototype ID Bank 8 | . 2 . . . 2 . . . . . 1 3 . . . . Open Door 7 | . . . . . . . . . . . . 6 1 . . . Branch Access Points 2 | . . . . . 1 1 . . . . . . . . . . Alert Level 6 | . 2 . . . 1 1 . . . . 1 1 . . . . Unreport Threat 5 | . 1 . . . . 1 . . . . . 3 . . . . Locate Traps 7 | . 3 . . . 2 . . . . . . 1 . . . 1 Transport Status 1 | . . . . . 1 . . . . . . . . . . . Hauler Manifests 2 | . . . . . 1 1 . . . . . . . . . . Zone Layout 3 | . . . . . 1 1 . . . . 1 . . . . . Fabricator Hacks 4 | . . . . . . . . . . . . . . . . 4 Load Schematic 2 | . . . . . . . . . . . . . . . . 2 Build 2 | . . . . . . . . . . . . . . . . 2 Repair Station Hacks 11 | . 2 . . . 6 . . . . . . 2 . . . 1 Scan Component 6 | . 1 . . . 3 . . . . . . 1 . . . 1 Repair 5 | . 1 . . . 3 . . . . . . 1 . . . . Recycling Unit Hacks 2 | . . . . . 1 . . . . . 1 . . . . . Retrieve Components 2 | . . . . . 1 . . . . . 1 . . . . . Scanalyzer 9 | . . . . . 7 . . . . . . . . . . 2 Insert Component 5 | . . . . . 4 . . . . . . . . . . 1 Analyze 4 | . . . . . 3 . . . . . . . . . . 1 Garrison Access Hacks 1 | . . . . . . . . . . . . . . . . 1 Seal Access 1 | . . . . . . . . . . . . . . . . 1 Unauthorized Hacks 28 | . 9 . . . 7 3 . . . . 2 6 . . . 1 Terminals 22 | . 5 . . . 5 3 . . . . 2 6 . . . 1 Track 8 | . 3 . . . 3 1 . . . . . 1 . . . . Assimilate 1 | . . . . . . . . . . . . 1 . . . . Botnet 13 | . 2 . . . 2 2 . . . . 2 4 . . . 1 Fabricators . | . . . . . . . . . . . . . . . . . Repair Stations 2 | . 1 . . . 1 . . . . . . . . . . . Mechanics 2 | . 1 . . . 1 . . . . . . . . . . . Recycling Units 4 | . 3 . . . 1 . . . . . . . . . . . Mask 1 | . 1 . . . . . . . . . . . . . . . Tunnel 3 | . 2 . . . 1 . . . . . . . . . . . Scanalyzers . | . . . . . . . . . . . . . . . . . Garrison Access . | . . . . . . . . . . . . . . . . . Data Cores Recovered 1 | . . . . . . . . . . . . 1 . . . . Used 1 | . . . . . . . . . . . . 1 . . . . Hacking Detections 40 | . 7 . . . 11 5 . . . . 4 7 . . 1 5 Full Trace Events 3 | . 1 . . . . 1 . . . . . 1 . . . . Feedback Events . | . . . . . . . . . . . . . . . . . Feedback Blocked . | . . . . . . . . . . . . . . . . . Robot Schematics Acquired . | . . . . . . . . . . . . . . . . . Robots Built . | . . . . . . . . . . . . . . . . . Matter . | . . . . . . . . . . . . . . . . . Time . | . . . . . . . . . . . . . . . . . Total Robot Build Rating . | . . . . . . . . . . . . . . . . . Part Schematics Acquired 5 | . . . . . 3 . . . . . . 1 . . . 1 Parts Built 3 | . . . . . . . . . . . . . . . . 3 Matter 486 | . . . . . . . . . . . . . . . . 486 Time 255 | . . . . . . . . . . . . . . . . 255 Total Part Build Rating 10 | . . . . . . . . . . . . . . . . 10 Parts Repaired 5 | . 1 . . . 3 . . . . . . 1 . . . . Time 135 | . 26 . . . 65 . . . . . . 44 . . . . Parts Recycled . | . . . . . . . . . . . . . . . . . Recycled Matter . | . . . . . . . . . . . . . . . . . Retrieved Matter . | . . . . . . . . . . . . . . . . . Retrieved Components 13 | . . . . . 10 . . . . . 3 . . . . . Parts Scanalyzed 4 | . . . . . 3 . . . . . . . . . . 1 Part Schematics Acquired 4 | . . . . . 3 . . . . . . . . . . 1 Parts Damaged . | . . . . . . . . . . . . . . . . . Bothacking | -11 -10 -10 -10 -9 -8 -7 -7 -7 -7 -6 -6 -6 -6 -6 -6 -5 ------------ Run | Scr Mat Min Exi Min Mat Fac Low Low Zio Pro Fac Ext Cet Arc Hub Fac Used RIF Installer . | . . . . . . . . . . . . . . . . . Robots Hacked . | . . . . . . . . . . . . . . . . . Non-combat . | . . . . . . . . . . . . . . . . . Combat . | . . . . . . . . . . . . . . . . . Robot Hacks Applied . | . . . . . . . . . . . . . . . . . Relay Couplers Released 6 | . . . . . . 3 . . . . . . . . . 3 Machine Destruction 3 | . . . . . . . . . . . . . . . . 3 Programmers 3 | . . . . . . 3 . . . . . . . . . . Robots Rewired 13 | . . . . . . . . . . . . 13 . . . . Allies Hacked 1 | . . . . . . . . . . 1 . . . . . . Hacks Repelled . | . . . . . . . . . . . . . . . . . Allies | -11 -10 -10 -10 -9 -8 -7 -7 -7 -7 -6 -6 -6 -6 -6 -6 -5 -------- Run | Scr Mat Min Exi Min Mat Fac Low Low Zio Pro Fac Ext Cet Arc Hub Fac Total Allies 49 | . . . . . . . . . 5 . . 21 5 . . 18 Largest Group 15 | . . . . . . . . . 5 5 . 11 11 5 5 15 Highest-Rated Group 635 | . . . . . . . . . 110 110 . 433 568 412 407 635 Highest-Rated Ally 156 | . . . . . . . . . 31 31 . 156 156 95 95 95 Total Orders 2 | . . . . . . . . . . . . 2 . . . . STAY 1 | . . . . . . . . . . . . 1 . . . . FOLLOW 1 | . . . . . . . . . . . . 1 . . . . Ally Attacks 362 | . . . . . . . . . . 50 . 125 81 26 15 65 Total Damage 9634 | . . . . . . . . . . 795 . 2707 2177 733 480 2742 Kills 67 | . . . . . . . . . . 4 . 22 13 4 2 22 Allies Corrupted 1 | . . . . . . . . . . 1 . . . . . . Allies Melted 2 | . . . . . . . . . . . . 1 1 . . . Intel | -11 -10 -10 -10 -9 -8 -7 -7 -7 -7 -6 -6 -6 -6 -6 -6 -5 ------- Run | Scr Mat Min Exi Min Mat Fac Low Low Zio Pro Fac Ext Cet Arc Hub Fac Robot Analysis Total . | . . . . . . . . . . . . . . . . . Derelict Logs Recovered 8 | . . 2 . . . . 1 2 1 2 . . . . . . Drone Launches . | . . . . . . . . . . . . . . . . . Drone Recoveries . | . . . . . . . . . . . . . . . . . Decoded 0b10 Intel 215 | . . . . . . . . . . . 4 22 1 1 4 183 Traps 41 | . . . . . . . . . . . 2 17 . . 1 21 Emergency Access 21 | . . . . . . . . . . . 2 4 . . . 15 Items 105 | . . . . . . . . . . . . . . . . 105 Garrisons 2 | . . . . . . . . . . . . . . . . 2 Patrols 19 | . . . . . . . . . . . . . . . . 19 Reinforcements 1 | . . . . . . . . . . . . . . . . 1 Guards 22 | . . . . . . . . . . . . . . . 3 19 Exits 4 | . . . . . . . . . . . . 1 1 1 . 1 Exploration | -11 -10 -10 -10 -9 -8 -7 -7 -7 -7 -6 -6 -6 -6 -6 -6 -5 ------------- Run | Scr Mat Min Exi Min Mat Fac Low Low Zio Pro Fac Ext Cet Arc Hub Fac Turns Passed 14115 | 58 1242 966 361 169 2223 799 631 525 1225 1258 187 1690 315 131 97 2238 Spaces Moved 7751 | 27 740 530 233 91 1106 392 443 321 855 704 142 907 157 62 57 984 Core . | . . . . . . . . . . . . . . . . . Treads 800 | . . 75 . . 40 14 . 28 . . . . . . . 643 Legs 110 | 27 83 . . . . . . . . . . . . . . . Wheels 6841 | . 657 455 233 91 1066 378 443 293 855 704 142 907 157 62 57 341 Hover . | . . . . . . . . . . . . . . . . . Flight . | . . . . . . . . . . . . . . . . . Fastest Speed 95 | 120 95 155 155 155 140 140 140 140 140 140 125 125 125 140 140 140 Average Speed 144 | 120 125 169 155 155 145 156 140 151 141 154 125 126 138 140 140 153 Slowest Speed 270 | 120 155 260 155 155 260 270 140 270 155 155 125 128 160 140 140 260 Overloaded Moves . | . . . . . . . . . . . . . . . . . Propulsion Burnouts . | . . . . . . . . . . . . . . . . . Robots Hopped . | . . . . . . . . . . . . . . . . . Cave-ins Triggered . | . . . . . . . . . . . . . . . . . Exploration Rate (%) 53 | 2 96 98 62 24 70 15 50 52 84 90 5 85 67 71 9 33 Regions Visited 16 Branch Regions 11 Pre-discovered Areas 7 | . 2 1 1 . 1 . . . 1 1 . . . . . . Known Exits Taken 9 | . . . . . . 1 1 1 1 1 1 1 . 1 1 . Unknown Exits Taken 7 | 1 1 1 1 1 1 . . . . . . . 1 . . . Scrap Searched 11 | . . 1 . . . . 1 1 4 4 . . . . . . Spaces Dug 40 | . 5 . . 4 6 4 . . . 8 3 . . . . 10 Terrain Destroyed 202 | . 26 1 . 21 36 28 . . . 8 3 13 5 . . 61 Melee 36 | . 5 . . . 6 4 . . . 8 3 . . . . 10 Projectile 33 | . 1 1 . . 1 . . . . . . 13 5 . . 12 AOE 131 | . 20 . . 21 29 24 . . . . . . . . . 37 Terrain Rammed . | . . . . . . . . . . . . . . . . . Walls Destroyed . | . . . . . . . . . . . . . . . . . Machines Disabled . | . . . . . . . . . . . . . . . . . Actions | -11 -10 -10 -10 -9 -8 -7 -7 -7 -7 -6 -6 -6 -6 -6 -6 -5 --------- Run | Scr Mat Min Exi Min Mat Fac Low Low Zio Pro Fac Ext Cet Arc Hub Fac Total 9706 | 37 929 573 236 104 1481 504 448 342 880 847 147 1342 238 91 73 1434 Wait 779 | 1 54 20 . . 135 30 3 3 4 117 . 165 20 15 5 207 Move 7735 | 26 739 529 232 90 1105 391 442 320 854 703 141 906 156 61 56 984 Hop . | . . . . . . . . . . . . . . . . . Pick Up 99 | 1 14 4 2 . 23 9 . . 10 2 1 9 8 1 1 14 Fast Attach 35 | 1 4 . . . 7 . . . . 2 . 4 6 . . 11 Attach 54 | . 2 1 . . 14 7 . 1 1 . 2 5 6 . 1 14 Detach 14 | . . . . . 4 1 . . 1 1 . . 5 . . 2 Swap 155 | . 25 5 . 3 39 19 . 5 . 3 . 7 3 2 . 44 Drop 106 | . 15 2 2 1 25 3 . . 10 2 . 9 14 2 1 20 Fire 485 | 8 58 12 . 10 119 39 . 13 . 9 . 63 17 10 1 126 Melee 62 | . 18 . . . 10 5 3 . . 8 3 1 3 . . 11 Ram . | . . . . . . . . . . . . . . . . . Kick . | . . . . . . . . . . . . . . . . . Crush 1 | . . . . . . . . . . . . . . . . 1 Escape Stasis 16 | . . . . . . . . . . . . 8 . . 8 . Rewire 165 | . . . . . . . . . . . . 165 . . . . Trap . | . . . . . . . . . . . . . . . . . Miscellaneous . | . . . . . . . . . . . . . . . . . Route ------- -11/Scrapyard -10/Materials (discovered 4 exits: [*Mat x3] / [*Min]) -10/Mines (discovered 3 exits: [*Mat x2] / *Exi) -10/Exiles -9/Mines -8/Materials -7/Factory (discovered 2 exits: *Low x2) -7/Lower Caves -7/Lower Caves -7/Zion (discovered 2 exits: Dee / *Pro) -6/Proximity Caves -6/Factory (discovered 4 exits: Fac x2 / Low / *Ext) -6/Extension (discovered 2 exits: *Fac / *Cet) -6/Cetus (discovered 2 exits: *Fac / [*Arc]) -6/Archives (discovered 2 exits: *Fac / *Hub) -6/Hub_04(d) -5/Factory (discovered 1 exit: *Fac) History --------- Turn | Location | Event 1 | -11/Scrapyard | Discovered new exit (range 3) 59 | -11/Scrapyard | Entered Materials 308 | -10/Materials | Build established: Mutant 334 | -10/Materials | Discovered new exit (range 12) 462 | -10/Materials | Discovered new exit (range 8) 918 | -10/Materials | Discovered new exit (range 12) 1046 | -10/Materials | Discovered new exit (range 13) 1120 | -10/Materials | Repaired Lgt. Treads 1301 | -10/Materials | Entered Mines 1384 | -10/Mines | Met a Derelict bent on vengeance 1421 | -10/Mines | Discovered new exit (range 14) 1539 | -10/Mines | Learned location of Zion (-7) 1557 | -10/Mines | Learned Materials security intel 2020 | -10/Mines | Discovered new exit (range 9) 2252 | -10/Mines | Deemed a non-threat by the Exiles lab entrance 2255 | -10/Mines | Discovered new exit (range 5) 2267 | -10/Mines | Entered Exiles 2303 | -10/Exiles | Met 8R-AWN 2331 | -10/Exiles | Met EX-HEX 2399 | -10/Exiles | Met EX-DEC 2440 | -10/Exiles | Met EX-BIN 2609 | -10/Exiles | Discovered new exit (range 14) 2628 | -10/Exiles | Entered Mines 2774 | -9/Mines | Discovered new exit (range 9) 2797 | -9/Mines | Entered Materials 2797 | -8/Materials | Evolved 4 slots: Propulsion x2, Utility x2 3090 | -8/Materials | Build established: Scavenger-Mutant 3249 | -8/Materials | Garrison activated, responded to threat 3304 | -8/Materials | Found Prototype Device 3323 | -8/Materials | Lost 4 parts (1p1n2u) 3349 | -8/Materials | Garrison activated, responded to threat 3393 | -8/Materials | Identified Active Sensor Suite 4034 | -8/Materials | Discovered new exit (range 16) 4239 | -8/Materials | Repaired Lgt. Treads 4292 | -8/Materials | Central database locked down 4347 | -8/Materials | Repaired Structural Scanner 4374 | -8/Materials | Repaired Lgt. Treads 5020 | -8/Materials | Entered Factory 5020 | -7/Factory | Evolved 2 slots: Utility x2 5185 | -7/Factory | Identified exit to Lower Caves 5332 | -7/Factory | Build established: Scavenger-Assassin 5641 | -7/Factory | Lost 3 parts (2n1u) 5819 | -7/Factory | Entered Lower Caves 6005 | -7/Lower Caves | Encountered a Warlord checkpoint 6019 | -7/Lower Caves | Discovered new exit (range 11) 6165 | -7/Lower Caves | Identified exit to Lower Caves 6181 | -7/Lower Caves | Learned Factory interactive machine intel 6450 | -7/Lower Caves | Entered another Lower Caves area 6455 | -7/Lower Caves | Learned Factory security intel 6466 | -7/Lower Caves | Learned location of 1 exit from Factory 6485 | -7/Lower Caves | Encountered a Warlord checkpoint 6833 | -7/Lower Caves | Build established: Scavenger-Skirmisher 6923 | -7/Lower Caves | Discovered new exit (range 7) 6974 | -7/Lower Caves | Identified exit to Zion 6975 | -7/Lower Caves | Entered Zion 7135 | -7/Zion | Discovered new exit (range 12) 7204 | -7/Zion | System corruption cleaned by Quarantine Array 7313 | -7/Zion | Given A8's code to call for help 7379 | -7/Zion | Learned location of 1 exit from Factory 7966 | -7/Zion | Identified exit to Deep Caves 8071 | -7/Zion | Gained Derelict followers 8193 | -7/Zion | Identified exit to Proximity Caves 8200 | -7/Zion | Entered Proximity Caves 8200 | -6/Proximity Caves | Accompanied by 5 allies 8387 | -6/Proximity Caves | Build established: Skirmisher 9326 | -6/Proximity Caves | Build established: Assassin 9399 | -6/Proximity Caves | Discovered new exit (range 13) 9436 | -6/Proximity Caves | Identified exit to Factory 9458 | -6/Proximity Caves | Entered Factory 9458 | -6/Factory | Evolved 2 slots: Propulsion x1, Utility x1 9459 | -6/Factory | Identified exit to Lower Caves 9460 | -6/Factory | Identified exit to Factory 9462 | -6/Factory | Loaded intel: 44 interactive machine locations 9605 | -6/Factory | Discovered new exit (range 12) 9644 | -6/Factory | Identified exit to Extension 9645 | -6/Factory | Entered Extension 9681 | -6/Extension | Rescued a captive Derelict 9712 | -6/Extension | Rescued a captive Derelict 9717 | -6/Extension | Rescued a captive Derelict 10193 | -6/Extension | Build established: Commander-Skirmisher 10206 | -6/Extension | Allies destroyed B-75 Beast 10216 | -6/Extension | Allies destroyed B-75 Beast 10647 | -6/Extension | Build established: Skirmisher 10721 | -6/Extension | Repaired Hrd. Heavy Armor Plating 10921 | -6/Extension | Rescued A7 10994 | -6/Extension | Rescued a captive Derelict 10995 | -6/Extension | Rescued a captive Derelict 11029 | -6/Extension | Rescued a captive Derelict 11177 | -6/Extension | Rescued a captive Derelict 11216 | -6/Extension | Identified exit to Cetus 11239 | -6/Extension | Discovered exit to Factory (range 10) 11335 | -6/Extension | Entered Cetus 11335 | -6/Cetus | Accompanied by 11 allies (A7) 11340 | -6/Cetus | Acquired a Cetus Manufacturing Module code from A7 11353 | -6/Cetus | Spotted Cetus Guard 11353 | -6/Cetus | Spotted Cetus Guard 11355 | -6/Cetus | Spotted Cetus Guard 11360 | -6/Cetus | Spotted Cetus Guard 11378 | -6/Cetus | Allies destroyed Cetus Guard 11383 | -6/Cetus | Allies destroyed Cetus Guard 11384 | -6/Cetus | Allies destroyed Cetus Guard 11387 | -6/Cetus | Allies destroyed Cetus Guard 11451 | -6/Cetus | Started Cetus Manufacturing Module 11462 | -6/Cetus | Escorted A7 to Cetus Mainframe 11476 | -6/Cetus | Manufactured an Enhanced Grunt 11483 | -6/Cetus | Discovered new exit (range 15) 11501 | -6/Cetus | Manufactured an Enhanced Grunt 11523 | -6/Cetus | Spotted Cetus Guard 11523 | -6/Cetus | Spotted Cetus Guard 11526 | -6/Cetus | Manufactured an Enhanced Grunt 11526 | -6/Cetus | Spotted Cetus Guard 11528 | -6/Cetus | Destroyed Cetus Guard 11530 | -6/Cetus | Allies destroyed Cetus Guard 11530 | -6/Cetus | Spotted Cetus Guard 11546 | -6/Cetus | Allies destroyed Cetus Guard 11551 | -6/Cetus | Manufactured an Enhanced Grunt 11553 | -6/Cetus | Met Revision 17 11576 | -6/Cetus | Manufactured an Enhanced Grunt 11631 | -6/Cetus | Destroyed A7 11632 | -6/Cetus | Extracted ID and sensor layout for unrecognized location from A7's data core 11635 | -6/Cetus | Found Prototype Protection 11635 | -6/Cetus | Identified Med. Regenerative Plating 11650 | -6/Cetus | Entered Archives 11650 | -6/Archives | Accompanied by 5 allies 11668 | -6/Archives | Build established: Scavenger-Mutant 11707 | -6/Archives | Discovered exit to Factory (range 16) 11726 | -6/Archives | Identified exit to Hub_04(d) 11781 | -6/Archives | Entered Hub_04(d) 11781 | -6/Hub_04(d) | Accompanied by 5 allies 11781 | -6/Hub_04(d) | Discovered exit to Factory (range 11) 11854 | -6/Hub_04(d) | Garrison activated, responded to threat 11878 | -6/Hub_04(d) | Entered Factory 11878 | -5/Factory | Accompanied by 3 allies 11878 | -5/Factory | Evolved 2 slots: Utility x1, Weapon x1 12438 | -5/Factory | Fabricated Signal Interpreter? 12494 | -5/Factory | Identified exit to Factory 12500 | -5/Factory | Found Prototype Device 12500 | -5/Factory | Identified Exp. Thermal Shield 13040 | -5/Factory | Build established: Scavenger-Tank 13378 | -5/Factory | First assault squad dispatched 13512 | -5/Factory | Fabricated Centrium Medium Armor Plating (x1) 13581 | -5/Factory | Cargo convoy interrupted 13826 | -5/Factory | High security lockdown imminent 13863 | -5/Factory | Destroyed 8 combat bots 13906 | -5/Factory | High security lockdown engaged 14082 | -5/Factory | System corruption reached 10% 14116 | -5/Factory | Self-destructed Last Messages --------------- area. 14101_ Centrium Heavy Treads destroyed. 14102_ Slug penetrates L-41 Fighter. 14102_ Slug penetrates G-50 Soldier. 14102_ HV Slug penetrates L-41 Fighter. 14102_ HV Slug penetrates G-50 Soldier. 14102_ HV Slug penetrates Wall. 14103_ Critical hit (Burn: +37). 14104_ ALERT: Suspicious intruders detected, dispatching reinforcements to area. 14104_ Hyp. Coil Gun destroyed. 14105_ Slug penetrates L-41 Fighter. 14105_ Slug penetrates G-67 Veteran. 14106_ Coil Gun severed. 14108_ Slug penetrates L-41 Fighter. 14109_ Critical hit (Burn: +50). 14110_ System corrupted: Coil Gun jammed. 14112_ Slug penetrates L-41 Fighter. 14113_ Centrium Medium Armor Plating severed. 14115_ Centrium Medium Armor Plating crushed and broken. Map ----- +----------------------------------------------------+ | ???????????????####???# ## ????????????????? | | ????????????# ??# ##! """" ????????????????? | | ????????????# ""?## ## """" ????????????????? | | ????????????# = """# + """" "???????????????? | | ????????????# """# # """" T#??????????????? | | ????????????# = + + "#??????????????? | | ????????????# """# # "#??????????????? | | ????????????# """# #! ! = "#??????????????? | | ????????????# ! ""?# # #??????????????? | | ????????????# ?# ##########??????????????? | | ??????????#########??# #???????????????????????? | | ??????????#* ??# #???????????????????????? | | ??????????# ?## ##??????????????????????? | | ??????????# # #########??????????????? | | ??????????# # #??????????????? | | ??????????????""""" + T #??????????????? | | ??????????????""""" # #??????????????? | | ??????????????""""" # | ##### #??????????????? | | ???+??????????"""""?### ###????? #??????????????? | | ???????????????######## #????????? ??????????????? | | ????????????????# #????????????????????????? | | ????????????????# ##### #??????????H?????????????? | | ??????????????????????# #????????????????????????? | | ??????????????????????# #????????????????????????? | | ????????????#####+#####[#######?????????????????!? | | ??????????#; =*%=%=%@[%!=#??????????????????? | | ???????????# [[!ggglg!!!#??????????????????? | | ???????????# =!![g=%[! #??????????????????? | | ???????????# %*=%g*!%= +??????????????????? | | ???????????# [=*%!= #????????????H?????? | | ???????????# =%! #??????????????????? | | ???????????# #??????????????????? | | ???????????# #??????????????????? | | ???????????######;#############??????????????????? | | ????????????????##???????????????????????????????? | | ?????????????????????????????????????????????????? | | ?????????????????????????????????????????????????? | | ?????????????????????????????????????????????????? | | ????????????????????????????????????????????????!? | | ?????????????????????????????????????????????????? | | ?????????????????????????????????????????????????? | | ?????????????????????????????????????????????????? | | ?????????????????????????????????????????????????? | | ?????????????????????????????????????????????????? | | ?????????????????????????????????????????????????? | | ?????????????????????????????????????????????????? | | ?????????????????????????????????????????????????? | | ?????????????????????????????????????????????????? | | ?????????????????????????????????????????????????? | | ?????????????????????????????????????????????????? | +----------------------------------------------------+ Best States ------------- Heat Dissipation 80 Energy Generation 23 Energy Capacity 325 Matter Stores 370 Matter Capacity 500 Sight Range 16 Robot Scan Range 20 Terrain Scan Range 16 Terrain Scan Density 410 Jamming Range 14 Armor Coverage 2100 Resistance: KI 25 Resistance: TH 30 Core Shielding 20 Propulsion Shielding 33 Weapon Cycling 30 Evasion (%) 55 Recoil Reduction 5 Item Schematics ----------------- Imp. Sensor Array | -8/Materials | Scanalyzed Signal Interpreter | -8/Materials | Scanalyzed Hcp. Storage Unit | -8/Materials | Scanalyzed Imp. Kinecellerator | -6/Extension | Hacked Centrium Medium Armor Plating | -5/Factory | Scanalyzed Robot Schematics ------------------ None Fabricated ------------ Signal Interpreter | x2 | -5/Factory Centrium Medium Armor Plating | x1 | -5/Factory Alien Tech Used ----------------- None Achievements -------------- None Challenges ------------ None Game ------ Seed OpticalIntegrityLauncher Manual? 0 Play Time 04:06:44 Cumulative 1126.5 hours Start 2021.07.17 @ 15:15:02 End 2021.07.18 @ 11:22:59 Sessions 13 Manual Loads 0 Difficulty Rogue Special Mode None Game No. 314 Rogue 314 Adventurer 0 Explorer 0 Win Type - Total 39 Types 25/6/5/3/0/0/0/0/0 Lore% 80 Gallery% 86 Achievement% 73 Wizard Run 0 Options --------- ASCII 0 Keyboard 1 Movement Numpad Keybinds 0 Fullscreen 1 Font 24/Smallcaps Map View 76x50 Tactical HUD 1 Map Filters NONE Filters NONE Steam 1 RUN: 6d2f934f-fd56-490e-889a-8f7ea60cd2ef